 Dungeon Crawl Stone Soup version 0.30.1-4-g462c640d31 (webtiles) character file.

Game seed: 13527493553059610322

12355 Almogavar the Basher (level 11, -6/72 HPs)
             Began as a Gargoyle Fighter on Aug 19, 2023.
             Was a Follower of the Shining One.
             Mangled by Snorg (16 damage)
             ... on level 10 of the Dungeon on Aug 20, 2023.
             The game lasted 00:35:04 (10111 turns).

Almogavar the Basher (Gargoyle Fighter)            Turns: 10111, Time: 00:35:05

Health: -6/72      AC: 29    Str: 29    XL:     11   Next: 92%
Magic:  11/11      EV: 15    Int:  9    God:    the Shining One [*.....]
Gold:   610        SH:  6    Dex: 21    Spells: 10/10 levels left

rFire   . . .        v - +2 whip (flame)
rCold   + . .        c - +0 buckler
rNeg    + . .        z - +2 ring mail {rC+}
rPois   ∞            o - +2 helmet of Heresy {Contam Will+ Str+5 Slay+2}
rElec   +            h - +1 cloak
rCorr   .            J - +4 pair of gloves of Gig Civu {rElec rPois}
SInv    .            w - +0 pair of boots
Will    +....        C - amulet of regeneration
Stlth   +            s - +6 ring of dexterity
HPRegen 1.12/turn    B - +6 ring of dexterity
MPRegen 0.12/turn

%: no passive effects
@: glowing
A: sickness immunity, AC +8, negative energy resistance 1, electricity
resistance, torment resistance 1, petrification resistance
a: Renounce Religion, Divine Shield


You were on level 10 of the Dungeon.
You worshipped the Shining One.
The Shining One was aware of your devotion.
You visited 2 branches of the dungeon, and saw 11 of its levels.

You collected 610 gold pieces.

Inventory:

Hand Weapons
 n - a +1 spear of venom
 v - a +2 whip of flaming (weapon)
Armour
 b - a +0 chain mail
 c - a +0 buckler (worn)
 h - a +1 cloak (worn)
 o - the +2 helmet of Heresy (worn) {Contam Will+ Str+5 Slay+2}
   (You took it off Robin on level 3 of the Dungeon)

   Str:       It affects your strength (+5).
   Slay:      It affects your accuracy & damage with ranged weapons and melee
   (+2).
   Contam:    It causes magical contamination when unequipped.
   Will:      It increases your willpower.
 w - a +0 pair of boots (worn)
 z - a +2 ring mail of cold resistance (worn)
 H - +0 steam dragon scales
 I - a +0 kite shield
 J - the +4 pair of gloves of Gig Civu (worn) {rElec rPois}
   (You found it on level 7 of the Dungeon)

   rElec:     It insulates you from electricity.
   rPois:     It protects you from poison.
 K - a +1 scale mail of fire resistance
 M - +0 acid dragon scales
Magical Staves
 a - a staff of conjuration
Jewellery
 p - an amulet of the acrobat
 r - a ring of ice
 s - a +6 ring of dexterity (left hand)
 B - a +6 ring of dexterity (right hand)
 C - an amulet of regeneration (around neck)
Wands
 d - a wand of mindburst (11)
 x - a wand of polymorph (12)
 G - a wand of roots (12)
Scrolls
 e - 4 scrolls of fear
 f - a scroll of blinking
 j - 2 scrolls of amnesia
 t - a scroll of enchant weapon
 y - 4 scrolls of poison
Potions
 g - 7 potions of curing
 i - 3 potions of lignification
 k - 2 potions of magic
 l - 3 potions of berserk rage
 m - 6 potions of haste
 q - 3 potions of cancellation
 u - 3 potions of attraction
 D - a potion of ambrosia
 E - a potion of flight {unknown}
 F - 2 potions of mutation {unknown}
 L - 2 potions of brilliance {unknown}


   Skills:
 + Level 9.8 Fighting
 + Level 11.5 Maces & Flails
 + Level 9.6 Armour
 + Level 6.0 Dodging
 + Level 2.3 Stealth
 - Level 6.2 Shields
 + Level 1.3 Evocations


You had 10 spell levels left.
You didn't know any spells.
Your spell library contained the following spells:

 Spells                   Type           Power      Damage    Failure   Level
 Kiss of Death            Conj/Necr      0%         2d5       54%         1
 Sting                    Tmut/Pois      0%         1d3       54%         1
 Summon Small Mammal      Summ           0%         N/A       54%         1
 Momentum Strike          Conj/Tloc      0%         3d8       67%         2
 Wereblood                Tmut           0%         N/A       67%         2
 Call Canine Familiar     Summ           0%         N/A       88%         3
 Confusing Touch          Hex            0%         N/A       88%         3
 Dazzling Flash           Conj/Hex       0%         N/A       88%         3
 Ozocubu's Armour         Ice            0%         N/A       88%         3
 Summon Guardian Golem    Hex/Summ       0%         N/A       88%         3
 Volatile Blastmotes      Fire/Tloc      0%         2d10      88%         3
 Dispel Undead            Necr           0%         3d6       99%         4
 Iskenderun's Mystic Bla  Conj/Tloc      0%         2d3       99%         4
 Metabolic Englaciation   Hex/Ice        0%         N/A       100%        5
 Conjure Ball Lightning   Conj/Air       0%         3x3d6     100%        6
 Simulacrum               Ice/Necr       0%         N/A       100%        6
 Starburst                Conj/Fire      0%         6d3       100%        6
 Orb of Destruction       Conj           0%         9d5       100%        7
 Summon Hydra             Summ           0%         N/A       100%        7
 Sublimation of Blood     Necr           Unusable   N/A       N/A         2

Dungeon Overview and Level Annotations

Branches:
Dungeon (10/15)            Temple (1/1) D:6            Lair (0/5) D:9
    Orc (0/2) D:9

Altars:
Ashenzari
Cheibriados
Dithmenos
Elyvilon
Fedhas
Gozag
Hepliaklqana
Makhleb
Nemelex Xobeh
Okawaru
Qazlal
Ru
Sif Muna
Trog
Uskayaw
Vehumet
Wu Jian
Xom
Yredelemnul
Zin
The Shining One

Shops:
D:5 *   D:7 *(=(*

Portals:
Bailey: D:10

Annotations:
D:9 1 runed translucent door
D:10 2 transporters, AndyM's ghost, journeyman MiFi; Snorg


Innate Abilities, Weirdness & Mutations

You are immune to sickness and miasma.
Your stone body is resilient. (AC +8)
You are immune to poison.
You resist negative energy. (rN+)
You are resistant to electric shocks. (rElec)
You are resistant to unholy torment.
You are immune to petrification.


Message History

Snorg is heavily wounded.
You block Snorg's attack. Snorg misses you. Snorg barely misses you.
You hit Snorg. You burn Snorg.
Snorg is heavily wounded.
You barely miss Snorg.
Snorg is heavily wounded.
You block Snorg's attack. Snorg misses you. Snorg closely misses you.
You hit Snorg. You burn Snorg.
Snorg is heavily wounded.
You barely miss Snorg.
Snorg is heavily wounded.
Snorg bites you but does no damage. Snorg barely misses you.
Snorg claws you but does no damage.
You hit Snorg. You burn Snorg.
Snorg is severely wounded.
You hit Snorg. You burn Snorg.
Snorg is severely wounded.
Snorg goes berserk!
You hit Snorg. You burn Snorg.
Snorg is severely wounded.
Snorg bites you! You block Snorg's attack. x2
You whack Snorg! You burn Snorg.
Snorg is severely wounded.
Snorg bites you!! You block Snorg's attack. Snorg claws you!
* * * LOW HITPOINT WARNING * * *
You are too injured to fight recklessly!
You are too injured to fight recklessly!
You hit Snorg. You burn Snorg.
Snorg is almost dead.
Okay, then.
You whack Snorg! You burn Snorg.
Snorg is almost dead.
Snorg bites you but does no damage. Snorg barely misses you.
Snorg claws you but does no damage.
You whack Snorg! You burn Snorg.
Snorg is almost dead.
Snorg bites you!
* * * LOW HITPOINT WARNING * * *
Snorg claws you!
You die...

### #.# ##..... #/....
######..#.#
#.......#.####
#.#..).......
#...)∩)T..###..
#...).@....... #########
#.....).####..#
..............#).)####..#
<###############.).$.....
.# #...<.......# .#####
#.###.#####. ††...#
#......###
.###.############....#
.....>.....##.####.#.#


You could see Snorg (berserk).

Vanquished Creatures
  A catoblepas (D:9)
  A two-headed ogre (D:8)
  A boulder beetle (D:9)
  Pikel (D:3)
  A manticore (D:9)
  The ghost of aeroqp the Destroyer, a novice VSCj of Elyvilon (D:6)
  Maggie (D:7)
  Psyche (D:9)
  A komodo dragon (D:9)
  A meliai (D:9)
  Prince Ribbit (D:5)
  A vampire (D:9)
  2 wraiths (D:9)
  6 yaks
  2 wyverns (D:9)
  4 steam dragons
  Menkaure (D:5)
  A water moccasin (D:6)
  Duvessa (D:5)
  2 acid dragons (D:9)
  2 black bears
  5 orc warriors
  2 ice beasts
  3 ogres (D:6)
  A sky beast (D:6)
  7 centaurs
  Blork the orc (D:5)
  13 kobold brigands
  3 bullfrogs
  2 gnoll sergeants
  13 wights
  2 scorpions
  Dowan (D:5)
  A killer bee (D:9)
  4 hounds
  Crazy Yiuf (D:7)
  5 orc priests
  5 gnoll boudas
  An iron imp (D:6)
  3 sleepcaps
  Jessica (D:2)
  7 iguanas
  15 orc wizards
  Ijyb (D:5)
  Robin (D:3)
  40 gnolls
  3 adders
  A white imp (D:5)
  An ufetubus (D:6)
  4 worms
  2 dart slugs (D:2)
  39 orcs
  7 endoplasms
  2 giant cockroaches
  12 goblins
  12 hobgoblins
  15 kobolds
  8 quokkas
  8 ball pythons
  2 bats
  3 frilled lizards
  3 rats
293 creatures vanquished.

Vanquished Creatures (others)
  3 kobolds (D:7)
3 creatures vanquished.

Grand Total: 296 creatures vanquished

Notes
Turn   | Place    | Note
-------+----------+-------------------------------------------
     0 | D:1      | Almogavar the Gargoyle Fighter began the quest for the Orb.
     0 | D:1      | Reached XP level 1. HP: 14/14 MP: 1/1
   119 | D:1      | Reached XP level 2. HP: 16/19 MP: 2/2
   813 | D:2      | Reached XP level 3. HP: 21/23 MP: 3/3
  1000 | D:2      | Noticed Jessica
  1009 | D:2      | Killed Jessica
  1010 | D:2      | Reached XP level 4. HP: 14/29 MP: 4/4
  1340 | D:2      | Found a faded altar of an unknown god.
  1340 | D:2      | Noticed a Hell Sentinel
  1538 | D:3      | Reached skill level 3 in Maces & Flails
  1658 | D:3      | Identified the +2 helmet of Heresy {Contam Will+ Str+5
                  | Slay+2}
  1658 | D:3      | Noticed Robin
  1675 | D:3      | Killed Robin
  1748 | D:3      | Noticed an ice beast
  1756 | D:3      | Killed an ice beast
  1757 | D:3      | Reached skill level 4 in Maces & Flails
  1757 | D:3      | Reached XP level 5. HP: 23/33 MP: 5/5
  1906 | D:3      | Got the Volume of Putridity and Assaults
  1957 | D:3      | Reached XP level 6. HP: 34/38 MP: 6/6
  1959 | D:3      | Reached skill level 1 in Dodging
  2500 | D:4      | Noticed Pikel
  2526 | D:3      | Killed Pikel
  2527 | D:3      | Reached skill level 6 in Maces & Flails
  2527 | D:3      | Reached skill level 5 in Armour
  2527 | D:3      | Reached XP level 7. HP: 22/44 MP: 7/7
  2660 | D:4      | Found a blossoming altar of Fedhas.
  2734 | D:4      | Reached XP level 8. HP: 47/48 MP: 8/8
  2734 | D:4      | Found a bloodstained altar of Trog.
  3016 | D:4      | Found a white marble altar of Elyvilon.
  3273 | D:5      | Entered Level 5 of the Dungeon
  3368 | D:5      | Noticed Prince Ribbit
  3406 | D:5      | Killed Prince Ribbit
  3407 | D:5      | Reached skill level 5 in Fighting
  3568 | D:5      | Found an iron altar of Okawaru.
  3738 | D:5      | Found a stormy altar of Qazlal.
  3786 | D:5      | Reached skill level 7 in Maces & Flails
  3962 | D:5      | Found a broken altar of Ashenzari.
  4101 | D:5      | Noticed Duvessa
  4101 | D:5      | Noticed Dowan
  4101 | D:5      | Noticed Blork the orc
  4125 | D:5      | Killed Duvessa
  4138 | D:5      | Killed Blork the orc
  4142 | D:5      | Killed Dowan
  4317 | D:5      | Found Tannag's Assorted Antiques.
  4435 | D:5      | Noticed Menkaure
  4442 | D:5      | Killed Menkaure
  4443 | D:5      | Reached XP level 9. HP: 47/55 MP: 9/9
  4490 | D:5      | Noticed Ijyb
  4499 | D:5      | Killed Ijyb
  4892 | D:5      | Reached skill level 5 in Shields
  4955 | D:5      | Found an ornate altar of the Wu Jian Council.
  5242 | D:6      | Found a staircase to the Ecumenical Temple.
  5251 | Temple   | Entered the Ecumenical Temple
  5497 | D:6      | Found a runed translucent gate.
  5497 | D:6      | Found a runed translucent gate.
  5497 | D:6      | Found a runed translucent gate.
  5501 | D:6      | Noticed aeroqp's ghost (novice VSCj)
  5569 | D:6      | Reached skill level 8 in Maces & Flails
  5671 | D:6      | Found an opulent altar of Gozag.
  5776 | D:6      | Found a sparkling altar of Nemelex Xobeh.
  5857 | D:6      | Found a snail-covered altar of Cheibriados.
  6090 | D:6      | Killed aeroqp's ghost
  6091 | D:6      | Reached XP level 10. HP: 11/63 MP: 10/10
  6320 | D:7      | Reached skill level 9 in Maces & Flails
  6424 | D:7      | Found Lilo's Assorted Antiques.
  6442 | D:7      | Found Peazerch's Antique Weapon Boutique.
  6588 | D:7      | Found Iseos's Antique Weapon Shop.
  6743 | D:7      | Found a runed translucent door.
  6744 | D:7      | Noticed Crazy Yiuf
  6792 | D:7      | Identified the +4 pair of gloves of Gig Civu {rElec rPois}
  6893 | D:7      | Found Guvon's Assorted Antiques.
  6963 | D:7      | Found a sacrificial altar of Ru.
  7018 | D:7      | Noticed Maggie
  7059 | D:7      | Killed Maggie
  7060 | D:7      | Reached skill level 1 in Stealth
  7072 | D:7      | Found Agracoil's Jewellery Emporium.
  7450 | D:7      | Killed Crazy Yiuf
  7593 | D:8      | Reached skill level 10 in Maces & Flails
  7630 | D:8      | Noticed a two-headed ogre
  7645 | D:8      | Killed a two-headed ogre
  8058 | D:8      | Reached XP level 11. HP: 69/69 MP: 11/11
  8574 | D:9      | Found a staircase to the Lair.
  8760 | D:9      | Noticed Psyche
  8789 | D:9      | Killed Psyche
  8818 | D:9      | Found a staircase to the Orcish Mines.
  9049 | D:9      | Found a glowing golden altar of the Shining One.
  9053 | D:9      | Became a worshipper of the Shining One
  9083 | D:9      | Found a runed translucent door.
  9191 | D:9      | Found a runed translucent door.
  9291 | D:9      | Reached skill level 5 in Dodging
  9340 | D:9      | Reached skill level 11 in Maces & Flails
  9374 | D:9      | Noticed a manticore
  9389 | D:9      | Killed a manticore
  9420 | D:9      | Noticed a catoblepas
  9421 | D:9      | Noticed a boulder beetle
  9455 | D:9      | Killed a catoblepas
  9470 | D:9      | Reached skill level 1 in Evocations
  9535 | D:9      | Killed a boulder beetle
  9792 | D:10     | Entered Level 10 of the Dungeon
  9846 | D:10     | Noticed AndyM's ghost (journeyman MiFi)
  9846 | D:10     | Reached * piety under the Shining One
  9852 | D:10     | Found a transporter.
  9877 | D:10     | Found a transporter.
  9881 | D:10     | Noticed a manticore
  9900 | D:10     | Noticed a moth of wrath
 10065 | D:10     | Found a flagged portal.
 10088 | D:10     | Noticed Snorg
 10111 | D:10     | Mangled by Snorg

Illustrated notes

Levels and vault maps discovered:
D:1:      ebering_trefoil_twist, layout_basic
D:2:      layout_basic, dreamdust_ecumenical_altar_sealed_demon, minivault_14,
          nicolae_wormholes, uniq_jessica
D:3:      layout_loops_ring, minmay_misc_feat_columns, minmay_pentomino_pile,
          uniq_robin
D:4:      layout_rooms, trog_three_pillars_becter,
          mainiacjoe_overflow_boulevard, marbit_many_paths,
          roderic_roman_lattice, minmay_fountain_box, minivault_5, uniq_pikel
D:5:      dreamdust_elfheim, layout_loops_corners, mainiacjoe_overflow_brackets,
          evilmike_ruin_ashenzari, lemuel_coloured_pillars_altar,
          nicolae_overflow_crystal_walls, serial_shops, shop,
          uniq_blork_the_orc, uniq_menkaure, uniq_ijyb, uniq_prince_ribbit1
D:6:      layout_cave_pools, slow_altar_1, nemelex_dance_club_becter,
          nicolae_gozag_seed_capital, minmay_temple_entry_sparse_star,
          gammafunk_ghost_nasty_kobolds, lightli_corner_chamber
D:7:      layout_loops_ring, nicolae_ru_awakened_eye, serial_shops, shop, shop,
          kennysheep_mini, nicolae_square_shop, shop, kennysheep_pointless_box,
          minmay_misc_feat_square, st_stairs_6, chequers_serial_rivers_small_a,
          uniq_maggie, uniq_crazy_yiuf_cottage
D:8:      layout_basic
D:9:      cheibrodos_histonic, layout_rooms,
          mainiacjoe_overflow_six_doors_small, david_lair_shrubbed,
          serial_glass, glass_columns_a, glass_columns_a,
          kennysheep_small_circle, uniq_psyche
D:10:     layout_loops_ring, lemuel_mausoleum_altar_kikubaaqudgha,
          enter_bailey_2, gammafunk_ghost_berserking_beasts, uniq_snorg
Temple:   kb_temple_of_zot

Skill      XL: |  1  2  3  4  5  6  7  8  9 10 11 |
---------------+----------------------------------+-----
Armour         | 4 5 7 8 9 |  9.6
Maces & Flails | 4 6 7 8 10 11 | 11.5
Fighting       | 4 5 7 8 9 |  9.8
Shields        | 4 5 6 |  6.2
Dodging        | 1 2 3 4 6 |  6.0
Stealth        | 1 2 |  2.3
Evocations     | 1 |  1.3

Action                     |  1- 3 |  4- 6 |  7- 9 | 10-12 || total
---------------------------+-------+-------+-------+-------++-------
  Melee: Flail             |   121 |   168 |       |       ||   289
         Whip              |       |       |   354 |   774 ||  1128
  Evoke: Wand              |       |       |     2 |     7 ||     9
    Use: Scroll            |       |    12 |     3 |     5 ||    20
         Potion            |       |       |     1 |     1 ||     2
 Armour: Scale mail        |    71 |    66 |    57 |       ||   194
         Ring mail         |       |       |    60 |   296 ||   356
  Dodge: Dodged            |    54 |    87 |   132 |   347 ||   620
  Block: Buckler           |    28 |    24 |    80 |   187 ||   319
